 Dungeon Crawl Stone Soup version 0.19.0-19-g8c6edcc (webtiles) character file.

5040 McCoppin the Fighter (level 10, -5/74 HPs)
             Began as an Octopode Necromancer on Nov 16, 2016.
             Was a Follower of Kikubaaqudgha.
             Slain by a troll (7 damage)
             ... on level 9 of the Dungeon.
             The game lasted 00:33:49 (12518 turns).

McCoppin the Fighter (Octopode Necromancer)        Turns: 12518, Time: 00:33:50

Health: -5/74      AC:  1    Str:  8    XL:     10   Next: 55%
Magic:  21/26      EV: 13    Int: 21    God:    Kikubaaqudgha [*.....]
Gold:   81         SH:  0    Dex: 15    Spells: 4 memorised, 8 levels left

rFire  . . .     SeeInvis .     h - +3 dagger (drain)
rCold  + . .     Gourm    .     (no shield)
rNeg   . . .     Faith    .     (helmet restricted)
rPois  .         Spirit   .     H - amulet of magic regeneration
rElec  .         Reflect  .     q - ring of magical power
rCorr  +         Harm     .     v - ring of resist corrosion
MR     .....                    w - +3 ring of intelligence
Stlth  +++++.....               K - ring of protection from cold
                                (no ring)
                                (no ring)
                                (no ring)
                                (no ring)

@: no status effects
A: almost no armour, stealthy swim, amphibious, 8 rings, constrict 8, camouflage
1, gelatinous body 1
a: Receive Corpses, Renounce Religion


You were on level 9 of the Dungeon.
You worshipped Kikubaaqudgha.
Kikubaaqudgha was aware of your devotion.
You were not hungry.

You visited 2 branches of the dungeon, and saw 10 of its levels.
You also visited: Sewer.

You collected 337 gold pieces.
You spent 256 gold pieces at shops.

Inventory:

Hand Weapons
 h - a +3 dagger of draining (weapon)
 i - a +2 dagger of freezing
 o - a +2 dagger of venom
 z - a +0 short sword of protection
 Y - a +5 scimitar
 Z - a +1 scimitar of flaming
Armour
 Q - a +0 shield
Jewellery
 q - a ring of magical power (left tentacle)
 r - a cursed amulet of inaccuracy {unknown}
 v - a ring of resist corrosion (right tentacle)
 w - a +3 ring of intelligence (on tentacle)
 H - an amulet of magic regeneration (around mantle)
 J - a cursed amulet of inaccuracy {unknown}
 K - a ring of protection from cold (on tentacle)
 L - an uncursed amulet of guardian spirit
Wands
 B - a wand of acid (2/15)
 F - a wand of lightning (4/15)
 V - a wand of lightning (7/15)
Scrolls
 d - 3 scrolls of remove curse
 f - a scroll of blinking
 m - 3 scrolls of teleportation
 u - 4 scrolls of noise
 x - 2 scrolls of enchant weapon {unknown}
 y - a scroll of recharging {unknown}
 A - a scroll of immolation
 D - 3 scrolls of random uselessness
 G - a scroll of fog {unknown}
 M - 4 scrolls of fear
 S - a scroll of torment {unknown}
 T - a scroll of enchant armour {unknown}
 W - 2 scrolls of amnesia
 X - a scroll of magic mapping
Potions
 c - 2 potions of might
 e - 6 potions of curing {unknown}
 g - 3 potions of lignification {unknown}
 j - a potion of heal wounds
 l - a potion of resistance
 p - 2 potions of haste {unknown}
 C - a potion of flight
 I - a potion of invisibility
 R - 2 potions of ambrosia {unknown}
Books
 a - a book of Necromancy

   Spells                             Type                      Level
   a - Pain                           Necromancy                   1
   b - Animate Skeleton               Necromancy                   1
   c - Vampiric Draining              Necromancy                   3
   d - Regeneration                   Charms/Necromancy            3
   e - Animate Dead                   Necromancy                   4
   f - Control Undead                 Necromancy                   4
 s - a book of Maledictions

   Spells                             Type                      Level
   a - Corona                         Hexes                        1
   b - Ensorcelled Hibernation        Hexes/Ice                    2
   c - Confuse                        Hexes                        3
   d - Tukima's Dance                 Hexes                        3
   e - Dazzling Spray                 Conjuration/Hexes            3
 P - a book of Frost

   Spells                             Type                      Level
   a - Freeze                         Ice                          1
   b - Throw Frost                    Conjuration/Ice              2
   c - Ozocubu's Armour               Charms/Ice                   3
   d - Throw Icicle                   Conjuration/Ice              4
   e - Summon Ice Beast               Ice/Summoning                4
 U - Kikubaaqudgha's Grimoire of Sinister Magic
   (Kikubaaqudgha gifted it to you on level 8 of the Dungeon)

   Spells                             Type                      Level
   a - Pain                           Necromancy                   1
   b - Corpse Rot                     Necromancy                   2
   c - Sublimation of Blood           Necromancy                   2
   d - Vampiric Draining              Necromancy                   3
   e - Control Undead                 Necromancy                   4
Comestibles
 b - 2 bread rations
 k - 6 meat rations
 n - 3 beef jerkies
 E - 2 royal jellies


   Skills:
 + Level 9.6 Fighting
 - Level 8.0(8.3) Short Blades
 + Level 3.1(5.9) Long Blades
 - Level 2.0 Dodging
 - Level 7.0 Stealth
 - Level 3.5 Shields
 + Level 5.2 Spellcasting
 - Level 4.0 Necromancy


You had 8 spell levels left.
You knew the following spells:

 Your Spells              Type           Power        Failure   Level  Hunger
a - Pain                  Necr           ###.         1%          1    None
b - Vampiric Draining     Necr           ###.......   10%         3    ##.....
c - Regeneration          Chrm/Necr      ##........   17%         3    ##.....
d - Animate Dead          Necr           N/A          24%         4    ####...


Dungeon Overview and Level Annotations

Branches:
Dungeon (9/15)             Temple (1/1) D:7
   Lair: D:8-11         Orc: D:9-12

Altars:
Ashenzari
Cheibriados
Dithmenos
Elyvilon
Fedhas
Gozag
Hepliaklqana
Kikubaaqudgha
Makhleb
Nemelex Xobeh
Okawaru
Qazlal
Ru
Sif Muna
Trog
Uskayaw
Vehumet
Xom
Yredelemnul
Zin
The Shining One

Shops:
D:8 [?(}?

Annotations:
D:9 Philosophy's ghost, novice CeHu


Innate Abilities, Weirdness & Mutations

You cannot wear most types of armour.
You are very stealthy in the water. (Stealth+)
You are amphibious.
You can wear up to eight rings at the same time.
You can use your tentacles to constrict eight enemies at once.
Your skin changes colour to match your surroundings (Stealth+).
Your rubbery body absorbs attacks. (AC +1, EV +1)


Message History

You hit the troll but do no damage. You drain the troll!
The troll is heavily wounded.
The troll barely misses you. The troll claws you! x2
You hit the troll.
The troll is heavily wounded.
The troll bites you! The troll claws you!
* * * LOW HITPOINT WARNING * * *
The troll claws you.
* * * LOW HITPOINT WARNING * * *
Casting: Pain
Confirm with . or Enter, or press ? or * to list all spells.
Aiming: Vampiric Draining
Press: ? - help, Shift-Dir - straight line, f/p - troll
Aim: a troll (heavily wounded, lightly drained)
The troll is heavily wounded.
You feel life coursing into your body. The troll bites you!
* * * LOW HITPOINT WARNING * * *
The troll claws you!
You die...
Kikubaaqudgha rasps: "You have failed me!
Welcome... death!"

######### ##.#....##
.K.T...K##
##.....#...
######.#.###........#
#<###(#$.......# #.#
##....<....# ##
#.#.......##
#.........##
#.#####...T#
##########@#
#..........#
#<########## #.# #.#
#.# #.# #.# #####.#


You could see a troll.

Vanquished Creatures
  Erica (D:8)
  A two-headed ogre (D:9)
  A wyvern (D:8)
  Menkaure (D:4)
  A water moccasin (D:7)
  An ice beast (D:8)
  An orc warrior (D:8)
  A sky beast (D:8)
  5 phantoms
  4 ogres
  4 centaurs
  A crocodile (Sewer)
  The ghost of Cokeysmoke the Gusty, an amateur TeAE (D:4)
  3 bullfrogs
  5 scorpions
  3 killer bees (D:9)
  7 wights
  A howler monkey (D:4)
  3 crimson imps
  A bullfrog zombie (D:6)
  3 orc priests
  6 hounds
  A quasit (D:5)
  2 jellies (D:7)
  9 orc wizards
  2 bullfrog skeletons
  6 worker ants
  Natasha (thrice) (D:2)
  A killer bee zombie (D:6)
  A hound skeleton (D:6)
  17 adders
  7 gnolls
  A shadow imp (D:6)
  An adder zombie (D:8)
  An adder skeleton (D:5)
  A worm (D:2)
  4 leopard geckos
  29 orcs
  2 ball pythons
  10 giant cockroaches
  13 goblins
  6 hobgoblins
  13 jackals
  2 quokkas
  10 bats
  9 frilled lizards
  2 gnoll zombies (D:4)
  A goblin skeleton (D:5)
  A hobgoblin zombie (D:5)
  7 kobolds
  A kobold skeleton (D:5)
  A kobold zombie (D:5)
  2 orc skeletons (D:5)
  An orc zombie (D:5)
  A quokka skeleton (D:7)
  2 quokka zombies
  16 rats
241 creatures vanquished.

Vanquished Creatures (others)
  14 plants (D:9)
14 creatures vanquished.

Grand Total: 255 creatures vanquished

Notes
Turn   | Place    | Note
-------+----------+-------------------------------------------
     0 | D:1      | McCoppin the Octopode Necromancer began the quest for the Orb.
     0 | D:1      | Reached XP level 1. HP: 11/11 MP: 3/3
   204 | D:1      | Reached XP level 2. HP: 17/17 MP: 3/5
  1092 | D:1      | Reached XP level 3. HP: 20/21 MP: 6/6
  1139 | D:1      | Learned a level 3 spell: Vampiric Draining
  1390 | D:1      | Reached skill level 5 in Stealth
  1951 | D:2      | Reached XP level 4. HP: 22/27 MP: 7/7
  1956 | D:2      | Noticed a hand axe
  1956 | D:2      | Noticed a hand axe
  1959 | D:2      | Found a hide-covered altar of Uskayaw.
  2106 | D:2      | Noticed Natasha
  2114 | D:2      | Killed Natasha
  2234 | D:2      | Reached XP level 5. HP: 31/31 MP: 8/8
  2453 | D:2      | Noticed Natasha
  2473 | D:2      | Killed Natasha
  2473 | D:2      | Reached skill level 1 in Fighting
  2473 | D:2      | Reached skill level 1 in Short Blades
  2722 | D:2      | Noticed Natasha
  2730 | D:2      | Killed Natasha
  2791 | D:3      | Found a blossoming altar of Fedhas.
  2831 | D:3      | Noticed a phantom
  2933 | D:3      | Killed a phantom
  2933 | D:3      | Reached skill level 2 in Fighting
  2933 | D:3      | Reached XP level 6. HP: 5/41 MP: 9/9
  3052 | D:3      | Learned a level 3 spell: Regeneration
  3655 | D:3      | Reached skill level 3 in Fighting
  4068 | D:4      | Found a glowing golden altar of the Shining One.
  4068 | D:4      | Found a shimmering altar of Xom.
  4120 | D:4      | Reached XP level 7. HP: 32/46 MP: 10/10
  4165 | D:4      | Noticed Menkaure
  4392 | D:4      | Killed Menkaure
  4392 | D:4      | Reached skill level 4 in Fighting
  4417 | D:4      | Noticed Cokeysmoke's ghost (amateur TeAE)
  4708 | D:4      | Killed Cokeysmoke's ghost
  4935 | D:4      | Reached skill level 5 in Fighting
  4935 | D:4      | Reached skill level 5 in Short Blades
  4935 | D:4      | Reached XP level 8. HP: 9/55 MP: 11/11
  5305 | D:4      | Found a sparkling altar of Nemelex Xobeh.
  5502 | D:4      | Found a basalt altar of Yredelemnul.
  5542 | D:5      | Entered Level 5 of the Dungeon
  6137 | D:5      | Reached skill level 6 in Fighting
  6230 | D:5      | Found a glowing silver altar of Zin.
  6494 | D:5      | Found a glowing golden altar of the Shining One.
  6746 | D:6      | Found a glowing drain.
  7061 | Sewer    | Entered a sewer
  7409 | D:6      | Reached skill level 7 in Fighting
  7409 | D:6      | Reached XP level 9. HP: 55/64 MP: 12/12
  7432 | D:6      | Found an opulent altar of Gozag.
  8175 | D:6      | Found a burning altar of Makhleb.
  8439 | D:7      | Reached skill level 8 in Fighting
  8704 | D:7      | Reached skill level 1 in Shields
  8741 | D:7      | Found a staircase to the Ecumenical Temple.
  8755 | Temple   | Entered the Ecumenical Temple
  8777 | Temple   | Became a worshipper of Kikubaaqudgha
  8818 | D:7      | Found a basalt altar of Yredelemnul.
  8925 | D:7      | Learned a level 4 spell: Animate Dead
  9630 | D:8      | Found Jesicw's Gadget Emporium.
  9638 | D:8      | Found Moacsamo's Magic Scroll Shoppe.
  9641 | D:8      | Found Baozos's Armour Shoppe.
  9652 | D:8      | Bought a scroll of amnesia for 35 gold pieces
  9652 | D:8      | Bought a scroll of noise for 10 gold pieces
  9652 | D:8      | Bought a scroll of magic mapping for 35 gold pieces
  9652 | D:8      | Bought a scroll of identify for 20 gold pieces
  9656 | D:8      | Bought a scroll of blinking for 75 gold pieces
  9656 | D:8      | Bought a scroll of fear for 35 gold pieces
  9656 | D:8      | Bought a scroll of identify for 20 gold pieces
  9725 | D:8      | Reached XP level 10. HP: 73/73 MP: 15/15
  9754 | D:8      | Found Zyta's Weapon Emporium.
 10041 | D:8      | Reached * piety under Kikubaaqudgha
 10041 | D:8      | Identified Kikubaaqudgha's Grimoire of Sinister Magic (Kikubaaqudgha gifted it to you on level 8 of the Dungeon)
 10041 | D:8      | Received a gift from Kikubaaqudgha
 10041 | D:8      | Reached skill level 9 in Fighting
 10385 | D:8      | Reached skill level 1 in Long Blades
 10784 | D:8      | Found Zekame's Magic Scroll Emporium.
 11130 | D:8      | Bought a scroll of identify for 26 gold pieces
 11168 | D:8      | Noticed Erica
 11206 | D:8      | Killed Erica
 11416 | D:8      | Found a radiant altar of Vehumet.
 11897 | D:9      | Reached skill level 5 in Spellcasting
 12218 | D:9      | Noticed Philosophy's ghost (novice CeHu)
 12518 | D:9      | HP: 2/74 [troll (10)]
 12518 | D:9      | Slain by a troll

Skill      XL: |  1  2  3  4  5  6  7  8  9 10 |
---------------+-------------------------------+-----
Stealth        | 3 4 6 7 |  7.0
Fighting       | 2 3 5 7 8 9 |  9.6
Short Blades   | 2 3 5 7 8 |  8.0
Shields        | 3 |  3.5
Spellcasting   | 3 5 |  5.2
Long Blades    | 3 |  3.1
Dodging        | |  2.0
Necromancy     | |  4.0

Action                   |  1- 3 |  4- 6 |  7- 9 | 10-12 || total
-------------------------+-------+-------+-------+-------++-------
Melee: Unarmed           |    62 |       |       |       ||    62
       Tentacles         |    13 |    13 |    75 |    31 ||   132
       Constrict         |    22 |    17 |    66 |    21 ||   126
       Dagger            |    21 |   119 |   417 |   180 ||   737
 Cast: Pain              |    18 |     9 |     7 |     9 ||    43
       Vampiric Draining |     2 |       |     6 |     2 ||    10
       Regeneration      |       |     1 |     4 |     6 ||    11
  Use: Scroll            |       |     2 |     6 |     1 ||     9
       Potion            |       |       |     1 |     3 ||     4
 Stab: Sleeping          |     8 |    15 |    25 |       ||    48
       Distracted        |       |     2 |     2 |       ||     4
  Eat: Chunk             |     4 |     6 |    16 |     2 ||    28
       Bread ration      |       |       |     1 |     2 ||     3
Armor: Skin              |     5 |     8 |     7 |     7 ||    27
Dodge: Dodged            |    46 |    51 |   177 |    72 ||   346
